[Event "*** SCC Grand Prix: Titled Tuesday Blitz"]
[Site "Chess.com"]
[Date "2020.06.02"]
[Round "4"]
[White "Susal_De_Silva"]
[Black "olksuna"]
[Result "1-0"]
[WhiteElo "2358"]
[BlackElo "2581"]
[TimeControl "180+1"]
[EndTime "10:40:58 PDT"]
[Termination "Susal_De_Silva won by resignation"]

1. e4 c5 2. Nf3 Nc6 3. Bb5 g6 4. Bxc6 dxc6 5. d3 Bg7 6. h3 Nf6 7. O-O Nd7 8. Nc3 b6 9. a4 a5 10. Be3 e5 11. Nd2 Nf8 12. f4 exf4 13. Bxf4 Ne6 14.
Be3 O-O 15. Nf3 Nd4 16. Qd2 Be6 17. Bh6 Qd7 18. Bxg7 Kxg7 19. Ne2 Nxf3+ 20. Rxf3 Rad8 21. Raf1 Qd6 22. Nf4 Qe5 23. Nxe6+ Qxe6 24. Qf4 Rd7 25. Qf6+ Qxf6 26. Rxf6 Rc8 27. e5 Rcc7 28. e6 fxe6 29. Rxe6 Rd4 30. b3 b5 31. axb5 cxb5 32. Ra6 a4 33. bxa4 Rxa4 34. Rxa4 bxa4 35. Ra1 Ra7 36. Kf2 Kf6 37. Ke3 Ke5 38. Ra3 Kd5 39.
c3 Kc6 40. c4 Kb6 41. d4 cxd4+ 42. Kxd4 Ka5 43. c5 Kb4 44. Ra1 Rd7+ 45. Ke5 Rc7 46. Kd6 Rf7 47. c6 Rf6+ 48. Kd7 Rf7+ 49. Kd8 Rf8+ 50. Ke7 Rf2 51. c7 Re2+ 52. Kd8 Rd2+ 53.
Ke7 Re2+ 54. Kd6 Rd2+ 55. Kc6 Rc2+ 56. Kb7 Kb3 57. c8=Q Rxc8 58. Kxc8 a3 59. Kd7 Kb2 60. Rf1 a2 61. Ke6 h5 62. Kf6 h4 63. Kxg6 1-0

[Event "*** SCC Grand Prix: Titled Tuesday Blitz"]
[Site "Chess.com"]
[Date "2020.06.02"]
[Round "4"]
[White "EnergeticHay"]
[Black "GMaka"]
[Result "1/2-1/2"]
[WhiteElo "2193"]
[BlackElo "2340"]
[TimeControl "180+1"]
[EndTime "10:40:58 PDT"]
[Termination "Game drawn - insufficient material"]

1. e4 c6 2. Nf3 d5 3. Nc3 Bg4 4.
h3 Bxf3 5. Qxf3 e6 6. Be2 Nf6 7. O-O Bb4 8. e5 Nfd7 9. d4 O-O 10. Qg3 Kh8 11. a3 Be7 12. Nd1 f5 13. f4 c5 14.
c3 Nc6 15. Be3 Rg8 16. Qf2 g5 17. fxg5 Bxg5 18. Kh2 cxd4 19. cxd4 Nb6 20. b3 Bh4 21. Qf3 Bg3+ 22. Kh1 Qh4 23. Qh5 Raf8 24. Nb2 Qxh5 25. Bxh5 f4 26. Bg1 Rg5 27. Bg4 Rg6 28. Nd3 Nd7 29.
Rad1 Kg7 30. Nc1 Rxg4 31. hxg4 h5 32. Bh2 h4 33. Bxg3 hxg3 34. Kg1 Kg6 35. Ne2 Kg5 36.
Rf3 Ndxe5 37. dxe5 Nxe5 38. Rxf4 Rxf4 39. Nxf4 Kxf4 40.
Rd4+ Ke3 41. Rb4 b6 42. g5 d4 43. Rb5 Ng6 44. Kf1 d3 45. Ke1 d2+ 46. Kd1 Nf4 47. g6 Nxg6 48. Rg5 Nf4 49. Rxg3+ Ke4 50. Kxd2 e5 51.
Rf3 Nxg2 52. Rg3 Nf4 53. Re3+ Kd4 54. Rg3 Nd5 55. Rd3+ Ke4 56. b4 a5 57. bxa5 bxa5 58. Rb3 Kd4 59. Rb5 a4 60. Ra5 Kc4 61. Rxa4+ Kb3 62. Ra5 Nb6 63. Rxe5 Nc4+ 64. Kd3 Nxe5+ 65. Kd4 Nc6+ 66. Kc5 Na5 67. Kb5 Nc4 68. Kc6 Kxa3 1/2-1/2

[Event "*** SCC Grand Prix: Titled Tuesday Blitz"]
[Site "Chess.com"]
[Date "2020.06.02"]
[Round "4"]
[White "Efremov_Vlad"]
[Black "PchelkinVK"]
[Result "1-0"]
[WhiteElo "2169"]
[BlackElo "2403"]
[TimeControl "180+1"]
[EndTime "10:40:58 PDT"]
[Termination "Efremov_Vlad won by resignation"]

1. d4 e5 2. dxe5 d6 3. exd6 Bxd6 4. Nf3 Nc6 5. e3 Bg4 6. Be2 Qe7 7. h3 Bh5 8. O-O O-O-O 9. Nbd2 g5 10. Nh2 Bxe2 11.
Qxe2 h5 12. Nc4 Bxh2+ 13. Kxh2 Nd4 14. Qe1 Nxc2 15. Qc3 Nxa1 16. Qxh8 Nf6 17. Qh6 b5 18. Qxg5 bxc4 19. Qf5+ Qe6 20. Qb1 Qe5+ 21. Kg1 Qe4 22. Qxa1 Rg8 23. f3 Qc2 24. Rf2 Qd1+ 25. Rf1 Qe2 26. Rf2 Qe1+ 27. Rf1 Qg3 28. Rf2 Qxh3 29. b3 Qf5 30. Qd4 h4 31. Qxa7 h3 32. Qa8+ Kd7 33.
Rd2+ Ke7 34. Ba3+ c5 35. Qa7+ Kf8 36. Qxc5+ Qxc5 37. Bxc5+ Kg7 38. bxc4 Rc8 39. Bd4 Rxc4 40. Bxf6+ Kxf6 41. gxh3 Ke5 42. Kf2 f5 43. Rb2 Ra4 44.
Kg3 Ra3 45. Rb5+ Kf6 46. Kf4 Ra4+ 47. e4 fxe4 48. fxe4 Rxa2 49. Rb6+ Kf7 50. h4 Rf2+ 51. Ke5 Rf1 52. Rb7+ Kf8 53. Rh7 Ra1 54. Kf5 Kg8 55. Rh5 Rf1+ 56. Ke6 Ra1 57. e5 Ra6+ 58.
Kf5 Ra2 59. Rg5+ Kf8 60. h5 Rf2+ 61. Ke6 Rh2 62. Rf5+ Ke8 63. Kf6 Rh1 64. e6 Re1 65. Ra5 Kd8 66. Ra8+ Kc7 67. e7 Rf1+ 68. Kg6 Rg1+ 69. Kh6 1-0

[Event "*** SCC Grand Prix: Titled Tuesday Blitz"]
[Site "Chess.com"]
[Date "2020.06.02"]
[Round "4"]
[White "vanImpe"]
[Black "AliKa2810"]
[Result "0-1"]
[WhiteElo "2343"]
[BlackElo "2574"]
[TimeControl "180+1"]
[EndTime "10:41:00 PDT"]
[Termination "AliKa2810 won by resignation"]

1. g3 Nf6 2. Bg2 d5 3. c4 e6 4. Nf3 dxc4 5. O-O a6 6. Na3 Bxa3 7. bxa3 O-O 8. a4 Nc6 9. Rb1 e5 10. Qc2 e4 11. Ng5 Nd4 12. Qxc4 b5 13. Qc5 Bb7 14. Ba3 Nxe2+ 15. Kh1 Qxd2 16. Qe3 Qxe3 17. fxe3 Rfe8 18. Bb2 h6 19. Nh3 Bd5 20. Rfe1 Bc4 21. Bf1 Ng4 22. Bxe2 Nxe3 23. Nf2 Bxa2 24. Rbc1 Nc4 25. Ba1 e3 26.
Nd3 Rad8 27. axb5 axb5 28. Nc5 Rd2 29. Bc3 Rdd8 30. Kg1 Nd6 31. Ba5 Re7 32. Na6 Ra8 33.
Ra1 Rxa6 34. Rxa2 Nb7 35. Rea1 Nxa5 36. Rxa5 Rxa5 37. Rxa5 c6 38. Ra8+ Kh7 39. Rc8 Re6 40.
Kf1 b4 41. Ke1 Kg6 42. Kd1 Rd6+ 43. Ke1 Kf6 44. Re8 Re6 45. Rc8 Ke5 46. Bc4 Rd6 47.
Ke2 Kd4 48. Bxf7 Kc3 49. Kxe3 b3 50. Rb8 b2 51. Rb3+ Kc2 52. Rb7 Rd8 53. Bg6+ Kc1 54. g4 c5 55. Rc7 Rd5 56. Be4 Re5 57. Kf4 Rxe4+ 58. Kxe4 b1=Q+ 59. Kd5 Qb4 60. Rxc5+ Kd2 61.
Rc4 Qb7+ 62. Ke5 Qb8+ 63. Kf5 Qxh2 64. Rf4 Ke3 65. Re4+ Kf3 66. Re5 Qc2+ 67. Ke6 Kxg4 0-1

[Event "*** SCC Grand Prix: Titled Tuesday Blitz"]
[Site "Chess.com"]
[Date "2020.06.02"]
[Round "4"]
[White "googlegoom"]
[Black "topin8"]
[Result "0-1"]
[WhiteElo "2431"]
[BlackElo "2343"]
[TimeControl "180+1"]
[EndTime "10:41:00 PDT"]
[Termination "topin8 won by resignation"]

1. Nf3 Nf6 2. b3 g6 3. Bb2 Bg7 4. e3 O-O 5. d4 b6 6. Be2 Bb7 7. O-O c5 8. Nbd2 d6 9. c4 Nbd7 10.
Qc2 cxd4 11. Nxd4 Rc8 12. Rac1 Nc5 13. Qb1 Nfe4 14. Rfd1 a6 15. h3 Rc7 16. Bf3 Nxd2 17. Rxd2 Qa8 18. Rdd1 Rfc8 19. Qa1 Bxd4 20. Bxb7 Bxb2 21.
Qxb2 Qxb7 22. h4 b5 23. h5 Ne6 24. cxb5 axb5 25. Rxc7 Qxc7 26. Qa3 Qc2 27. Rf1 Qc5 28. Qa6 Qc6 29. Qa5 Ra8 30. Qd2 Rc8 31. Qa5 gxh5 32.
Qb4 Qc5 33. Qh4 Qg5 34. Qb4 Kh8 35. a4 Rg8 36. Qe4 bxa4 37. bxa4 Nc5 38. Qd4+ e5 39. Qd5 Nxa4 40. Ra1 Nc3 41. Qf3 e4 42. Qh3 Nd5 43. Rd1 Nf6 44. Rxd6 Ng4 45. Rd1 Qf5 46. Rd2 Qa5 47.
Rd1 Qf5 48. Rf1 h6 49. Qh4 Kh7 50. Qh3 Qg5 51. Qg3 Ne5 52. Qh3 Nf3+ 53. Kh1 Qh4 54.
Qxh4 Nxh4 55. Rg1 Nf5 56. Kh2 h4 57. Rb1 Rg6 58. Rb5 Rf6 59. Re5 Kg6 60. Rxe4 Kg5 61.
Rf4 Ng7 62. Rxf6 Kxf6 63. Kh3 Kg5 64. g3 hxg3 65. Kxg3 h5 66. Kh3 Kf5 67. Kh4 Kg6 68. e4 Ne6 69. f3 Nf4 70. Kg3 Kg5 71. Kf2 h4 72. Ke3 h3 73. Kf2 h2 0-1

[Event "*** SCC Grand Prix: Titled Tuesday Blitz"]
[Site "Chess.com"]
[Date "2020.06.02"]
[Round "4"]
[White "Gromes7"]
[Black "Makswolf200817"]
[Result "0-1"]
[WhiteElo "2029"]
[BlackElo "2381"]
[TimeControl "180+1"]
[EndTime "10:41:00 PDT"]
[Termination "Makswolf200817 won by resignation"]

1. d4 d5 2. g3 Nf6 3. Bg2 Bf5 4. Nf3 e6 5. O-O h6 6. c4 c6 7. Nc3 Nbd7 8. Qb3 Qc8 9. h3 Bd6 10. Bf4 Bxf4 11. gxf4 O-O 12. e3 Bd3 13. cxd5 Bxf1 14. dxe6 Bxg2 15. exd7 Qxd7 16. Kxg2 b6 17. Ne5 Qb7 18. Qd1 Rad8 19. Qf3 Nd5 20. Rc1 f6 21. Ng6 Rfe8 22. e4 Nxc3 23. bxc3 Qf7 24. f5 Qxa2 25.
Nf4 a5 26. Rg1 a4 27. Kh2 Rd7 28. Nh5 Kh8 29. Qg3 Qf7 30. Nf4 a3 31. Ne6 Rxe6 32.
fxe6 Qxe6 33. c4 Qxe4 34. Qxa3 Qxd4 35. Qa8+ Rd8 36. Qxc6 Qxf2+ 37. Rg2 Qf4+ 38. Kh1 Rd1+ 39. Rg1 Rxg1+ 40. Kxg1 Qg3+ 41. Kf1 Qxh3+ 42. Ke2 Qg4+ 43. Kd2 Qd4+ 44. Kc2 Qc5 45. Qe8+ Kh7 46. Qe4+ f5 47. Qb7 Qxc4+ 48. Kd2 b5 49. Qd7 Qf4+ 50. Kc3 b4+ 51. Kb3 Qe4 52. Qc8 f4 53. Qg4 Qd3+ 54. Kxb4 f3 55. Qg3 Qe4+ 56. Kb3 Qf5 57. Qf2 h5 58.
Kc3 Qe4 59. Qf1 Qe3+ 60. Kb4 f2 61. Qh1 Qf4+ 62. Kc5 f1=Q 63. Qxh5+ Kg8 64. Qe8+ Qf8+ 0-1

[Event "*** SCC Grand Prix: Titled Tuesday Blitz"]
[Site "Chess.com"]
[Date "2020.06.02"]
[Round "4"]
[White "Riptide27"]
[Black "Vesper2018"]
[Result "1-0"]
[WhiteElo "2598"]
[BlackElo "2349"]
[TimeControl "180+1"]
[EndTime "10:41:02 PDT"]
[Termination "Riptide27 won on time"]

1. d4 Nf6 2. c4 g6 3. Nc3 Bg7 4. e4 d6 5. Be2 O-O 6. Be3 e5 7. d5 a5 8. g4 Na6 9. h4 Nc5 10. f3 h5 11. g5 Nfd7 12. Nh3 Nb6 13. Nf2 a4 14. Qd2 Bd7 15. O-O-O Qe7 16. Kb1 Rfd8 17.
Rc1 Be8 18. Rhd1 c6 19. Qe1 f5 20. Bf1 Nbd7 21. Nd3 Na6 22. Bh3 f4 23. Bf2 Nc7 24.
Rd2 c5 25. Qd1 Nb6 26. Ne2 Nc8 27. Bxc8 Rdxc8 28. Nxc5 dxc5 29. d6 Qe6 30. dxc7 Rxc7 31.
Rd6 Qe7 32. Nc3 Bf7 33. Nb5 Rc6 34. Rd7 Qf8 35. Nd6 Be6 36. Nxb7 Bxd7 37. Qxd7 Rac8 38.
Rd1 R6c7 39. Qd5+ Kh7 40. Nd6 Rd8 41. Bxc5 Qe7 42. Ba3 Bf8 43. c5 Bg7 44. Rc1 Qd7 45. Qd3 Rc6 46. Rd1 Qc7 47. Qd5 Qd7 48. Qd2 Qc7 49. Qb4 Qa7 50. Qb5 Qc7 51. Qxa4 Rb8 52. Qc4 Qa7 53. Rd3 Ra6 54. Ka1 Rc6 55. Qd5 Qa5 56. b4 Qc7 57. b5 Rxd6 58. Qxd6 Qa5 59.
b6 1-0

[Event "*** SCC Grand Prix: Titled Tuesday Blitz"]
[Site "Chess.com"]
[Date "2020.06.02"]
[Round "4"]
[White "amintabatabaei"]
[Black "regular_legs"]
[Result "1-0"]
[WhiteElo "2924"]
[BlackElo "2556"]
[TimeControl "180+1"]
[EndTime "10:41:05 PDT"]
[Termination "amintabatabaei won by resignation"]

1. c4 c5 2. Nc3 Nf6 3. g3 e6 4.
Nf3 b6 5. Bg2 Bb7 6. O-O Be7 7.
Re1 d5 8. cxd5 Nxd5 9. e4 Nb4 10.
d4 cxd4 11. Nxd4 N8c6 12. Nxc6 Qxd1 13. Rxd1 Bxc6 14. a3 Nc2 15. Rb1 Rd8 16. Rxd8+ Kxd8 17. Bf4 Kc8 18. Rc1 Nd4 19. b4 Kb7 20. Be5 Nb3 21. Rb1 f6 22. b5 Be8 23. Bxf6 gxf6 24. Rxb3 e5 25. Nd5 Bf7 26. Rc3 Bc5 27. Nxf6 Bd4 28.
Rc2 Rd8 29. Nd5 Bc5 30. a4 a6 31. h4 axb5 32. axb5 Ra8 33. Rd2 Ra1+ 34. Kh2 Be8 35.
Nf6 Bxb5 36. Nxh7 Bd4 37. h5 Bc4 38. h6 b5 39. Nf6 Ra8 40. h7 Rh8 41. g4 b4 42. g5 Bf7 43. Bh3 b3 44. Bf5 b2 45.
Rd1 Kc6 46. g6 Bxg6 47. Bxg6 Kc5 48. Kg3 Kb4 49. f3 Kc3 50. Kg4 Kc2 51. Rf1 Be3 52. Nd5 Bc1 53. Rf2+ Bd2 54. Rf1 Bc1 55. Rf2+ Bd2 56.
Ne3+ Kd3 57. Rxd2+ Kxd2 58. Nc4+ Kc3 59. Nxb2 Kxb2 60.
Kg5 Kc3 61. Kf6 Kd4 62. Kg7 Rxh7+ 63. Kxh7 Ke3 64. Bf5 Kf4 65. Kg6 1-0

[Event "*** SCC Grand Prix: Titled Tuesday Blitz"]
[Site "Chess.com"]
[Date "2020.06.02"]
[Round "4"]
[White "vitnik2020"]
[Black "HrvojeZagreb"]
[Result "0-1"]
[WhiteElo "2308"]
[BlackElo "2113"]
[TimeControl "180+1"]
[EndTime "10:41:06 PDT"]
[Termination "HrvojeZagreb won on time"]

1. e4 e6 2. d4 d5 3. exd5 exd5 4. Nf3 Bd6 5. c4 c6 6. c5 Bc7 7. Nc3 Ne7 8. Bd3 Bf5 9. O-O O-O 10. Re1 Bxd3 11. Qxd3 Qd7 12. b4 Re8 13. Bd2 Qg4 14.
h3 Qg6 15. Qe2 Nd7 16. b5 f6 17. Nh4 Qf7 18. Qf3 Nf8 19. bxc6 bxc6 20. Rab1 Rab8 21. Nf5 Nxf5 22. Qxf5 Ba5 23. Qd3 Bxc3 24. Bxc3 Qg6 25. Qxg6 hxg6 26. Rxe8 Rxe8 27. Rb7 Re2 28. Rxa7 Rc2 29. Ba5 Ne6 30. Bb6 Nxd4 31. a4 Ra2 32. a5 Nb5 33. Ra8+ Kf7 34. Rc8 d4 35. Rxc6 d3 36. Rc8 d2 37. Rd8 Ra1+ 38. Kh2 d1=Q 39. Rxd1 Rxd1 40. a6 Ra1 41. c6 Rxa6 42. c7 Nxc7 43.
Bxc7 Rc6 44. Bg3 g5 45. h4 Kg6 46. hxg5 Kxg5 47. f3 Rc2 48. Bc7 Kf5 49. Bd6 Ke6 50. Bb8 g6 51. Kg3 Kf5 52. Ba7 Ke5 53. Bb8+ Kd5 54.
Ba7 Kc4 55. Bb8 Kd3 56. Bd6 Ke2 57. Be7 Rc6 58. Kh3 Kf2 59. Bd8 Kf1 60. Be7 f5 61.
Bg5 Rc2 62. g4 Kf2 0-1

[Event "*** SCC Grand Prix: Titled Tuesday Blitz"]
[Site "Chess.com"]
[Date "2020.06.02"]
[Round "4"]
[White "eightbyeightchess"]
[Black "theredking89"]
[Result "1/2-1/2"]
[WhiteElo "2405"]
[BlackElo "2619"]
[TimeControl "180+1"]
[EndTime "10:41:07 PDT"]
[Termination "Game drawn by repetition"]

1. e4 c5 2. Nf3 d6 3. d4 cxd4 4.
Qxd4 a6 5. Be2 Nc6 6. Qe3 Nf6 7. h3 g6 8. c4 Bg7 9. O-O O-O 10. Rd1 Be6 11.
e5 Ne8 12. exd6 exd6 13. Nc3 Qc7 14. Ng5 Kh8 15. Nxe6 fxe6 16. Qxe6 Nd4 17. Qe4 Nxe2+ 18. Qxe2 Rc8 19. Bg5 Qxc4 20. Qxc4 Rxc4 21. Be7 Rf7 22. Bxd6 Nxd6 23. Rxd6 Bxc3 24. Rc1 Rcf4 25. Rxc3 Rxf2 26. Rb3 Rc2 27. Rdb6 Rff2 28. Rxb7 Rxg2+ 29. Kh1 Rh2+ 30. Kg1 Rcg2+ 31. Kf1 Rc2 32. Kg1 Rhd2 33. Rf7 Kg8 34.
Rbb7 Rd1+ 35. Rf1 Rdd2 36. Re1 Kf8 37. Rf1+ Kg8 38. Re1 Rg2+ 39. Kh1 Rh2+ 40. Kg1 Rcg2+ 41. Kf1 Rf2+ 42. Kg1 Rhg2+ 43. Kh1 Re2 44. Rxe2 Rxe2 45. Ra7 Rxb2 46. Rxa6 Kg7 47. a4 h5 48. Ra8 Kh6 49.
a5 Kg5 50. a6 Kh4 51. Rg8 Rb1+ 52. Kh2 Rb2+ 53. Kh1 Kxh3 54. Rxg6 Ra2 55. Kg1 Ra1+ 56.
Kf2 h4 57. a7 Rxa7 58. Rg8 Ra3 59. Kf1 Rg3 60. Rh8 Ra3 61. Kg1 Ra1+ 62. Kf2 Ra2+ 63.
Kg1 Ra3 64. Rg8 Ra7 65. Kf2 Ra3 66. Rh8 Ra2+ 67. Kf3 Ra3+ 68. Kf2 Rg3 69. Kf1 Rg5 70. Kf2 Rf5+ 71. Kg1 Ra5 72. Kf2 Ra3 73. Kf1 Ra2 74.
Kg1 Kg3 75. Rg8+ Kh3 76. Rh8 1/2-1/2

[Event "*** SCC Grand Prix: Titled Tuesday Blitz"]
[Site "Chess.com"]
[Date "2020.06.02"]
[Round "4"]
[White "AniJak"]
[Black "boasovietica"]
[Result "1-0"]
[WhiteElo "2258"]
[BlackElo "2423"]
[TimeControl "180+1"]
[EndTime "10:41:07 PDT"]
[Termination "AniJak won on time"]

1. e4 e5 2. Nc3 Nf6 3. g3 Nc6 4. Bg2 Bc5 5. d3 d6 6. Nge2 a6 7. O-O h5 8. h3 Be6 9. Nd5 Qd7 10. Kh2 Ne7 11. c4 O-O-O 12. b4 Ba7 13. Nxe7+ Qxe7 14. Be3 Kb8 15. Bxa7+ Kxa7 16. b5 axb5 17.
cxb5 Nd7 18. a4 Nc5 19. b6+ cxb6 20. a5 b5 21. Nc3 Qd7 22. Qb1 h4 23. g4 Bb3 24. Ra3 Ba4 25. Nd5 Ka6 26. Rc1 Rc8 27.
Nb6 Qe6 28. Nxc8 Rxc8 29. Bf1 Ka7 30. Be2 Qf6 31. Kg2 Rc6 32. d4 exd4 33. Bxb5 Bxb5 34. Qxb5 Qf4 35. Re1 d3 36. Raa1 Nxe4 37. Rf1 Ng5 38.
Qxd3 Rc4 39. Qe3+ Qxe3 40. fxe3 f6 41. Rab1 Rc2+ 42. Rf2 Rxf2+ 43. Kxf2 Nxh3+ 44. Kf3 Ng5+ 45. Kg2 Ne4 46. Rd1 g5 47. Rd4 h3+ 48. Kxh3 d5 49. Rxd5 Ka6 50. Rd4 Nc5 51. Rd6+ Kxa5 52. Rxf6 b5 53.
Rf5 Kb6 54. Rxg5 b4 55. Rg6+ Kb5 56. Rg8 Kb6 57. Rb8+ Nb7 58. Rc8 Kb5 59. Rc1 b3 60.
g5 Nd6 61. Rg1 b2 62. g6 Ne8 63. Rb1 Kc4 64. Rxb2 Kd3 65. Rg2 1-0

[Event "*** SCC Grand Prix: Titled Tuesday Blitz"]
[Site "Chess.com"]
[Date "2020.06.02"]
[Round "4"]
[White "AshotParvanyan"]
[Black "simonachess"]
[Result "0-1"]
[WhiteElo "2411"]
[BlackElo "2174"]
[TimeControl "180+1"]
[EndTime "10:41:07 PDT"]
[Termination "simonachess won on time"]

1. Nf3 Nf6 2. g3 b6 3. Bg2 Bb7 4. O-O e6 5. c4 Be7 6. d4 O-O 7.
Re1 Ne4 8. Nfd2 d5 9. Nxe4 dxe4 10. Nc3 f5 11. Bf4 Nd7 12. Nb5 e5 13. dxe5 Nc5 14. Qc2 Ne6 15. Rad1 Qe8 16. Bc1 Qg6 17. Rd7 Bb4 18.
Bd2 Bc5 19. Nxc7 Bc6 20. Nxa8 Bxd7 21. Nc7 Nxc7 22. b4 Be7 23. Bc3 Ne6 24. Rd1 Qe8 25.
f3 Bc6 26. fxe4 f4 27. Qd2 fxg3 28. hxg3 Qg6 29. Qe1 Bxe4 30. Bxe4 Qxe4 31. Rd3 Bg5 32. Bd2 Qxe5 33. Rd5 Bxd2 34. Rxe5 Bxe1 35. Rxe6 Bxb4 36. Kg2 Bc5 37. Rc6 a5 38. e4 Re8 39. Kf3 Kf7 40.
Rc7+ Re7 41. Rc6 Re6 42. Rc7+ Kf6 43. a4 h6 44. Rc8 Rd6 45. Re8 Rd3+ 46. Kg4 Kf7 47.
Re5 Bd6 48. Rf5+ Ke7 49. Rb5 Rxg3+ 50. Kf5 Bc5 51. e5 h5 52. Rb1 h4 53. Rh1 g6+ 54.
Kf4 Be3+ 55. Ke4 g5 56. Kf5 Bf4 57. Rb1 Re3 58. Rxb6 Rxe5+ 59. Kg4 Rc5 60. Rb7+ Kd6 61. Ra7 Rxc4 62. Ra6+ Kd5 63. Rxa5+ Kd4 64. Ra6 Kc3 65. Ra8 Kb4 66. Re8 Kxa4 67. Kh3 Kb4 68. Kg4 Kc3 69. Rd8 Rd4 70. Kh3 Rd3+ 0-1

[Event "*** SCC Grand Prix: Titled Tuesday Blitz"]
[Site "Chess.com"]
[Date "2020.06.02"]
[Round "4"]
[White "joksijoksi"]
[Black "EddieMarsalla"]
[Result "1-0"]
[WhiteElo "2347"]
[BlackElo "2532"]
[TimeControl "180+1"]
[EndTime "10:41:09 PDT"]
[Termination "joksijoksi won on time"]

1. d4 d5 2. c4 Bf5 3. Nc3 e6 4. Nf3 Nc6 5. a3 Nf6 6. Bg5 Be7 7. e3 Ne4 8. Bxe7 Nxe7 9. Bd3 Bg6 10. Ne5 f5 11. f3 Nf6 12. O-O c6 13. c5 Bh5 14.
Qc2 Nd7 15. Nxd7 Qxd7 16. f4 g5 17. fxg5 O-O 18. Be2 Bg6 19. Bd3 e5 20. Qd2 f4 21.
dxe5 fxe3 22. Qxe3 d4 23. Bc4+ Kh8 24. Qd2 Qg4 25. Ne2 d3 26. Nf4 Rad8 27. Nxg6+ Nxg6 28. Rxf8+ Nxf8 29. Qc3 Ng6 30. Bxd3 Nf4 31. Bf1 Rd3 32. Qe1 Qxg5 33. g3 Re3 34. Qf2 Ng6 35. Qf6+ Qxf6 36. exf6 Rf3 37. Bg2 Rxf6 38. Rd1 Rf7 39.
Rd8+ Kg7 40. b4 Ne5 41. Bh3 a6 42. Kg2 Kf6 43. Rd6+ Kg7 44. a4 Rc7 45. b5 axb5 46.
axb5 Nc4 47. b6 Re7 48. Rd7 Kf6 49. Rxe7 Kxe7 50. Bc8 Na5 51. Kf3 Kd8 52. Bf5 h6 53.
Be6 Ke7 54. Ba2 Kf6 55. Kf4 h5 56. h3 Ke7 57. g4 hxg4 58. hxg4 Kf6 59. g5+ Kg7 60. Kg4 Kf8 61. Kf5 Kg7 62. g6 Kf8 63. Kf6 Ke8 64. g7 Kd7 65. g8=Q Nc4 66. Qxc4 1-0

[Event "*** SCC Grand Prix: Titled Tuesday Blitz"]
[Site "Chess.com"]
[Date "2020.06.02"]
[Round "4"]
[White "aNaartjieZA"]
[Black "vaishali2001"]
[Result "1-0"]
[WhiteElo "2570"]
[BlackElo "2598"]
[TimeControl "180+1"]
[EndTime "10:41:10 PDT"]
[Termination "aNaartjieZA won by resignation"]

1. e4 e5 2. Nf3 Nc6 3. Bc4 Nf6 4. d3 h6 5. O-O g5 6. c3 Bg7 7. Re1 Qe7 8. Bb3 d6 9. a4 Be6 10. Na3 O-O 11. Bc2 Rad8 12. Qe2 g4 13. Nd2 d5 14.
exd5 Nxd5 15. Nf1 f5 16. f4 Rde8 17. fxe5 f4 18. Qe4 f3 19. Be3 Nxe3 20. Rxe3 fxg2 21. Qxg2 Nxe5 22. d4 Nf3+ 23. Kh1 Qd7 24. Be4 Bd5 25. Bxd5+ Qxd5 26. Nc2 Qf5 27. Rxe8 Rxe8 28. Nce3 Qe4 29. Nxg4 Kh7 30. Ng3 Qxg4 31. Rf1 Re3 32. h3 Qf4 33. Nh5 Qf7 34. Nxg7 Qxg7 35. Rxf3 Qxg2+ 36. Kxg2 Re2+ 37. Rf2 Re6 38. Kf3 Rb6 39. Ke4 Kg6 40. b4 Ra6 41. a5 Re6+ 42. Kd5 Re3 43. Kc4 Rxh3 44. Rg2+ Kf6 45. Rf2+ Ke6 46. d5+ Kd6 47. Rf6+ Kd7 48. Rf7+ Kd6 49. Rf5 Rh4+ 50. Kb3 Rh3 51. Kc4 h5 52.
Rf6+ Kd7 53. Rh6 Rh2 54. Rh7+ Kd6 55. Rh6+ Kd7 56. a6 b6 57. Kb5 Rc2 58. c4 h4 59.
Rxh4 Rg2 60. Rh7+ Kd6 61. Rh6+ Kd7 62. c5 bxc5 63. bxc5 Rb2+ 64. Kc4 Rc2+ 65. Kd4 Rd2+ 66. Ke4 Re2+ 67. Kd3 Ra2 68. Rh7+ Kd8 69. Rh6 Ra1 70.
Kc4 Rc1+ 71. Kb5 Kd7 72. Rh7+ Kd8 73. Kc6 Rc2 74. Rd7+ Kc8 75. Rxc7+ Kb8 76. Rh7 1-0

[Event "*** SCC Grand Prix: Titled Tuesday Blitz"]
[Site "Chess.com"]
[Date "2020.06.02"]
[Round "4"]
[White "Azatic"]
[Black "Sethu0025"]
[Result "0-1"]
[WhiteElo "2436"]
[BlackElo "2789"]
[TimeControl "180+1"]
[EndTime "10:41:10 PDT"]
[Termination "Sethu0025 won by resignation"]

1. e4 c5 2. Nf3 d6 3. d4 cxd4 4. Nxd4 Nf6 5. Nc3 Nc6 6. Be2 e6 7. O-O Be7 8. Be3 O-O 9. f4 Qc7 10. Qe1 a6 11. Qg3 Nxd4 12. Bxd4 b5 13. a3 Bb7 14. Bd3 Rad8 15. Rae1 Rd7 16. Kh1 Bc6 17. Qh3 g6 18. f5 e5 19. Be3 Qb7 20. Bh6 Re8 21.
fxg6 hxg6 22. Rf2 Nh7 23. Ref1 Bd8 24. Qg4 Bb6 25. Rf3 Bd8 26. Nd5 Kh8 27. c4 Bxd5 28.
cxd5 Rg8 29. Bd2 Rc7 30. Rh3 Rg7 31. Qf3 Kg8 32. Qe3 Bg5 33. Qe2 Bxd2 34. Qxd2 Qc8 35.
Rhf3 Qd8 36. h3 Rc8 37. Qb4 Ng5 38. R3f2 Nh7 39. a4 bxa4 40. Qxa4 a5 41. Bb5 Nf8 42. Bc6 Rb8 43. Rc2 Rb4 44. Qa3 Rxe4 45. Ra1 Rh7 46. Rcc1 Re2 47. Rf1 Qg5 48. Qf3 Re3 49. Qf2 Rexh3+ 50. gxh3 Rxh3+ 51. Qh2 Rxh2+ 52. Kxh2 Kg7 53. Ra3 Qd2+ 54. Kg3 Qxb2 55. Raf3 f5 56. R3f2 Qc3+ 57. Kg2 e4 58. Rb1 Kf6 59. Rb8 Nh7 60. Rd8 Qc5 61.
Rb2 Kg5 62. Rb7 Nf6 63. Rb2 e3 64. Re2 Qd4 65. Rh8 Ng4 66. Rh3 Qe4+ 67. Kg1 f4 68. Bd7 f3 69. Rb2 e2 70. Bxg4 e1=Q+ 71.
Kh2 Qxg4 0-1

[Event "*** SCC Grand Prix: Titled Tuesday Blitz"]
[Site "Chess.com"]
[Date "2020.06.02"]
[Round "4"]
[White "Iljushin_Alexey"]
[Black "David_Paravyan"]
[Result "0-1"]
[WhiteElo "2663"]
[BlackElo "2974"]
[TimeControl "180+1"]
[EndTime "10:41:12 PDT"]
[Termination "David_Paravyan won by resignation"]

1. d4 Nf6 2. c4 e6 3. Nc3 Bb4 4. e3 b6 5. Ne2 Bb7 6. a3 Bf8 7. Nf4 g6 8. h4 h5 9. Be2 Bh6 10. Bf3 Bxf3 11. Qxf3 Nc6 12. b4 Ng4 13. Nfe2 O-O 14. Bb2 a6 15. g3 Bg7 16. Qe4 f5 17.
Qc2 e5 18. d5 Ne7 19. Qd2 d6 20. f3 Nf6 21. O-O-O b5 22. cxb5 axb5 23. Kb1 Bh6 24. Qd3 Qe8 25. Rhf1 Rb8 26. Ba1 Kh7 27. Bb2 Nc8 28. e4 Qd7 29. exf5 Qxf5 30. Qxf5 gxf5 31. f4 Nb6 32. fxe5 Ng4 33. e6 Ne3 34. Nd4 Nbc4 35.
Nce2 Bg7 36. Bc1 Nxf1 37. Rxf1 Nb6 38. e7 Rfe8 39. Nxf5 Nxd5 40. Bg5 Be5 41. Nf4 Nc3+ 42. Kc2 Ne4 43. Nd5 Nxg5 44. hxg5 Kg6 45. Kd3 c6 46. Nc7 Kxg5 47. Nxe8 Rxe8 48. Ke4 Bf6 49. Kd3 Bxe7 50. Nd4 c5 51. Nf3+ Kg6 52. Re1 Kf7 53.
bxc5 dxc5 54. Rb1 Ra8 55. Ne5+ Ke6 56. Nc6 Rxa3+ 57. Ke4 Ra4+ 58. Kf3 Ra3+ 59. Ke4 b4 60. Nxe7 Kxe7 61. Kd5 Rc3 62. Re1+ Kf6 63. Re6+ Kg5 64. Rb6 Kg4 65. Rg6+ Kf5 66. Rh6 Kg5 67. Rh7 b3 68. Rb7 c4 69. Rh7 b2 70. Rb7 Rb3 0-1

[Event "*** SCC Grand Prix: Titled Tuesday Blitz"]
[Site "Chess.com"]
[Date "2020.06.02"]
[Round "4"]
[White "JoachimMouhamad"]
[Black "NemtsevIgor"]
[Result "0-1"]
[WhiteElo "2447"]
[BlackElo "2308"]
[TimeControl "180+1"]
[EndTime "10:41:14 PDT"]
[Termination "NemtsevIgor won by checkmate"]

1. e4 c6 2. d4 d5 3. Nd2 h6 4. Ngf3 Bg4 5. Bd3 e6 6. O-O Nf6 7. e5 Nfd7 8. h3 Bh5 9. g4 Bg6 10. Bxg6 fxg6 11. c4 Be7 12. Qc2 Nf8 13. Nh2 g5 14. f4 gxf4 15. Rxf4 Bg5 16. Rf3 Qe7 17. c5 Nbd7 18. Nb3 Rc8 19. Bxg5 Qxg5 20. Raf1 b6 21.
Rc3 bxc5 22. Nxc5 Nxc5 23. Rxc5 Qe3+ 24. Qf2 Qxf2+ 25. Kxf2 Nd7 26. Ra5 Rf8+ 27. Ke3 Rxf1 28. Nxf1 c5 29. dxc5 Rxc5 30. Rxc5 Nxc5 31. Kd4 Ne4 32.
h4 Kd7 33. Ne3 Kc6 34. Ng2 g5 35. hxg5 hxg5 36. Ne1 Nd2 37. Kd3 Ne4 38. Nf3 Kc5 39. Nxg5 Nxg5 40. Ke3 d4+ 41. Kf4 Nf7 42. g5 Kd5 43. g6 Nh6 44. g7 Ng8 45. b4 Kc4 46. a3 a6 47. Kf3 Ne7 48. Ke2 Kc3 49. Kd1 Kb3 50. Kd2 Kxa3 51. Kd3 Kxb4 52. Kxd4 a5 53. Kd3 a4 54. Kc2 Kc4 55. Kb2 Kd5 56. Ka1 Kxe5 57.
Ka2 Kf6 58. Ka3 Kxg7 59. Kxa4 Kf6 60. Kb3 Ke5 61. Kc3 Ke4 62. Kd2 e5 63. Ke2 Kd4 64. Kd2 e4 65. Kd1 Ke3 66. Ke1 Kf3 67. Kd1 e3 68. Ke1 e2 69. Kd2 Kf2 70. Kd3 e1=Q 71. Kc4 Qe5 72. Kb3 Qd4 73. Ka2 Qc3 74. Kb1 Qd2 75.
Ka1 Ke3 76. Kb1 Kd3 77. Ka1 Kc3 78. Kb1 Qb2# 0-1